 Dungeon Crawl Stone Soup version 0.30.1-9-gdf580d7c3d (webtiles) character file.

Game seed: 17313234402803924345

840 lonewolfV2 the Trooper (level 8, -3/67 HPs)
             Began as a Formicid Fighter on Oct 16, 2023.
             Was an Initiate of Gozag.
             Slain by Dowan
             ... wielding a +2 dagger of venom
              (7 damage)
             ... on level 5 of the Dungeon.
             The game lasted 00:06:44 (4795 turns).

lonewolfV2 the Trooper (Formicid Fighter)           Turns: 4795, Time: 00:06:46

Health: -3/67      AC:  7    Str: 35    XL:     8   Next: 19%
Magic:  8/8        EV: 10    Int:  8    God:    Gozag
Gold:   605        SH:  5    Dex: 13    Spells: 7/7 levels left

rFire   . . .        a - +1 war axe
rCold   . . .        c - +0 buckler
rNeg    . . .        b - +0 scale mail
rPois   .            (helmet unavailable)
rElec   .            (no cloak)
rCorr   .            (no gloves)
SInv    +            (no boots)
Will    .....        h - amulet of the acrobat Stlth
                     p - +6 ring of strength
HPRegen 0.31/turn    s - +6 ring of strength
MPRegen 0.11/turn

%: acrobat
@: lethally poisoned (-3 -> -26), gold aura
A: permanent stasis, dig shafts and tunnels, antennae 3, four strong arms
a: Dig, Shaft Self, Renounce Religion, Potion Petition, Call Merchant, Bribe
Branch


You were on level 5 of the Dungeon.
You worshipped Gozag.
Gozag was pleased with you.
You visited 1 branch of the dungeon, and saw 5 of its levels.
You also visited: Sewer.

You collected 660 gold pieces.
You paid 55 gold pieces to Gozag.

Inventory:

Hand Weapons
 a - a +1 war axe (weapon)
Armour
 b - a +0 scale mail (worn)
 c - a +0 buckler (worn)
Jewellery
 d - a ring of willpower
 h - an amulet of the acrobat (around neck)
 p - a +6 ring of strength (left hand)
 s - a +6 ring of strength (right hand)
Scrolls
 g - a scroll of teleportation
 k - a scroll of enchant weapon
 m - a scroll of blinking {unknown}
 o - a scroll of enchant armour {unknown}
Potions
 e - 2 potions of degeneration
 i - a potion of mutation {unknown}
 j - 4 potions of haste
 l - a potion of lignification
 n - a potion of cancellation
 q - 2 potions of curing {unknown}
 r - 2 potions of attraction {unknown}


   Skills:
 + Level 7.3 Fighting
 + Level 6.2 Axes
 - Level 3.7 Armour
 - Level 4.6 Shields


You had 7 spell levels left.
You didn't know any spells.
Your spell library contained the following spells:

 Spells                   Type           Power      Damage    Failure   Level
 Apportation              Tloc           0%         N/A       67%         1
 Necrotise                Necr           0%         1d4       67%         1
 Summon Small Mammal      Summ           0%         N/A       67%         1
 Dazzling Flash           Conj/Hex       0%         N/A       95%         3
 Volatile Blastmotes      Fire/Tloc      0%         2d10      95%         3
 Iskenderun's Mystic Bla  Conj/Tloc      0%         2d3       100%        4
 Manifold Assault         Tloc           0%         N/A       100%        4
 Starburst                Conj/Fire      0%         6d3       100%        6
 Storm Form               Tmut/Air       0%         N/A       100%        7
 Blink                    Tloc           Unusable   N/A       N/A         2

Dungeon Overview and Level Annotations

Branches:
Dungeon (5/15)              Sewer (visited)
 Temple: D:4-7

Altars:
Gozag

Annotations:
D:5 Dowan


Innate Abilities, Weirdness & Mutations

You cannot be hasted, slowed, berserked, paralysed or teleported.
You can dig through walls and to a lower floor.
You have a pair of large antennae on your head. (SInv)
Your four strong arms can wield two-handed weapons with a shield.


Message History

You feel very sick.
Dowan says, "Magic will overcome all!"
Dowan hits you with a +2 dagger of venom.
You hit Dowan.
Dowan is severely wounded.
You feel very sick. Dowan casts a spell at you. The shard of ice hits you!
* * * LOW HITPOINT WARNING * * *
Dowan hits you with a +2 dagger of venom.
* * * LOW HITPOINT WARNING * * *
You are more poisoned.
It was a potion of haste.
Your stasis prevents you from being hasted.
You feel very sick. You block Dowan's attack.
Dowan hits you with a +2 dagger of venom.
* * * LOW HITPOINT WARNING * * *
You are lethally poisoned!
It was a potion of lignification.
You turn into a tree.
Your +0 scale mail melds into your body.
Your roots penetrate the ground.
* * * LOW HITPOINT WARNING * * *
You feel very sick. Dowan hits you but does no damage.
It was a potion of cancellation.
Your magical effects are unravelling.
You feel magically purged.
You feel less wooden.
Your +0 scale mail unmelds from your body.
* * * LOW HITPOINT WARNING * * *
You feel very sick.
Dowan breathes, "And she was my only..."
Dowan hits you with a +2 dagger of venom.
* * * LOW HITPOINT WARNING * * *
You are more poisoned.
Dowan breathes, "And she was my only..."
Dowan hits you with a +2 dagger of venom!
You die...
Your body crumbles into a pile of gold.

##.(.#.......
#....#..##.##
#....#..##.##
#####...#..##.## #
##..###..#..##.## #.
##....###.#.......
#..##......##.........
#...$.$..........##)..
#...e@........#..# ###
#.###########....?..
#....#### .....#
##...# ...# ....


You could see Dowan (fast).

Vanquished Creatures
  Grinder (D:3)
  Duvessa (D:5)
  Pargi (Sewer)
  A scorpion (D:5)
  4 hounds
  An iguana (D:4)
  Jessica (D:2)
  2 orc wizards (D:4)
  A sleepcap (D:5)
  3 adders
  A white imp (D:5)
  5 worms
  A dart slug (D:3)
  8 orcs
  4 bats
  7 endoplasms
  4 giant cockroaches
  7 hobgoblins
  7 jackals
  A quokka (D:4)
  8 ball pythons
  3 frilled lizards
  10 goblins
  7 kobolds
  5 rats
94 creatures vanquished.

Notes
Turn   | Place    | Note
-------+----------+-------------------------------------------
     0 | D:1      | lonewolfV2 the Formicid Fighter began the quest for the
                  | Orb.
     0 | D:1      | Reached XP level 1. HP: 18/18 MP: 1/1
   192 | D:1      | Reached XP level 2. HP: 24/24 MP: 2/2
   964 | D:2      | Reached XP level 3. HP: 29/29 MP: 3/3
  1329 | D:2      | Reached XP level 4. HP: 37/37 MP: 4/4
  1385 | D:2      | Noticed Jessica
  1390 | D:2      | Killed Jessica
  1391 | D:2      | Reached skill level 4 in Fighting
  1838 | D:3      | Found an opulent altar of Gozag.
  1877 | D:3      | Became a worshipper of Gozag Ym Sagoz the Greedy
  2050 | D:3      | Reached XP level 5. HP: 42/43 MP: 5/5
  2194 | D:3      | Noticed Grinder
  2228 | D:3      | Killed Grinder
  2229 | D:3      | Reached skill level 5 in Fighting
  2229 | D:3      | Reached XP level 6. HP: 16/51 MP: 6/6
  2908 | D:4      | Found a glowing drain.
  2937 | Sewer    | Entered a sewer
  2998 | Sewer    | Noticed Pargi
  3017 | Sewer    | Killed Pargi
  3018 | Sewer    | Reached skill level 6 in Fighting
  3018 | Sewer    | Reached XP level 7. HP: 17/58 MP: 7/7
  3547 | D:4      | Reached skill level 5 in Axes
  4517 | D:5      | Entered Level 5 of the Dungeon
  4689 | D:5      | Reached skill level 7 in Fighting
  4689 | D:5      | Reached XP level 8. HP: 54/67 MP: 8/8
  4770 | D:5      | Noticed Duvessa
  4774 | D:5      | Noticed Dowan
  4787 | D:5      | Killed Duvessa
  4795 | D:5      | Slain by Dowan

Illustrated notes

Levels and vault maps discovered:
D:1:      lightli_arrival_lavapool, layout_basic
D:2:      layout_loops_ring, minmay_tall_x, uniq_crazy_yiuf_cottage,
          uniq_jessica
D:3:      layout_basic, mainiacjoe_overflow_brackets, minivault_26, uniq_grinder
D:4:      layout_layer_cave, cheibrodos_sewer_entry_bend, minivault_27
D:5:      layout_loops_ring, minivault_19, dreamdust_wishing_well, uniq_duvessa

Skill      XL: |  1  2  3  4  5  6  7  8 |
---------------+-------------------------+-----
Fighting       | 4 5 6 7 |  7.3
Axes           | 3 4 5 6 |  6.2
Armour         | |  3.7
Shields        | |  4.6

Action                     |  1- 3 |  4- 6 |  7- 9 || total
---------------------------+-------+-------+-------++-------
  Melee: War axe           |    71 |   109 |   100 ||   280
    Use: Scroll            |     3 |     4 |       ||     7
         Potion            |       |     2 |     4 ||     6
   Stab: Distracted        |       |       |     1 ||     1
 Armour: Scale mail        |    37 |    50 |    48 ||   135
         Skin              |       |       |     1 ||     1
  Dodge: Dodged            |    32 |    70 |    83 ||   185
  Block: Buckler           |    18 |    26 |    31 ||    75
